 Dungeon Crawl Stone Soup version 0.31-a0-331-geda263fcf1 (webtiles) character file.

Game seed: 6687140169057939319

2475 funkygono the Cleaver (level 9, -8/78 HPs)
             Began as a Minotaur Fighter on July 19, 2023.
             Was a Priest of Okawaru.
             Killed from afar by a steam dragon (20 damage)
             ... with a ball of steam
             ... on level 7 of the Dungeon.
             The game lasted 00:09:19 (4919 turns).

funkygono the Cleaver (Minotaur Fighter)            Turns: 4919, Time: 00:09:21

Health: -8/78      AC: 15    Str: 30    XL:     9   Next: 27%
Magic:  8/8        EV: 10    Int:  5    God:    Okawaru [***...]
Gold:   268        SH:  5    Dex: 11    Spells: 8/8 levels left

rFire   . . .        a - +0 war axe
rCold   . . .        c - +0 buckler
rNeg    . . .        y - +0 chain mail
rPois   .            (helmet restricted)
rElec   .            t - +1 cloak
rCorr   .            u - +1 pair of gloves
SInv    +            (no boots)
Will    .....        (no amulet) Stlth
                     v - ring of see invisible
HPRegen 0.33/turn    B - +6 ring of strength
MPRegen 0.11/turn

%: no passive effects
@: lethally poisoned (-8 -> -19)
A: horns 2, retaliatory headbutt
a: Renounce Religion, Heroism


You were on level 7 of the Dungeon.
You worshipped Okawaru.
Okawaru was most pleased with you.
You visited 2 branches of the dungeon, and saw 8 of its levels.

You collected 338 gold pieces.
You spent 70 gold pieces at shops.

Inventory:

Hand Weapons
 a - a +0 war axe (weapon)
Missiles
 k - 17 poisoned darts (quivered)
 m - 6 javelins
 s - a boomerang
Armour
 c - a +0 buckler (worn)
 t - a +1 cloak (worn)
 u - a +1 pair of gloves (worn)
 y - a +0 chain mail (worn)
Jewellery
 l - an amulet of faith
 v - a ring of see invisible (left hand)
 x - a ring of protection from cold
 B - a +6 ring of strength (right hand)
Talismans
 j - a blade talisman
Wands
 g - a wand of charming (17)
Scrolls
 i - a scroll of revelation
 p - a scroll of torment
 w - a scroll of teleportation
 z - a scroll of blinking
 A - a scroll of enchant armour
Potions
 b - a potion of berserk rage
 d - a potion of might
 e - a potion of magic
 f - a potion of enlightenment
 h - a potion of cancellation
 n - a potion of ambrosia
 o - 2 potions of curing
 q - a potion of heal wounds
 r - 3 potions of lignification
 D - a potion of attraction {unknown}


   Skills:
 + Level 6.6 Fighting
 + Level 9.8 Axes
 + Level 2.7 Throwing
 + Level 7.8 Armour
 + Level 3.3 Dodging
 + Level 1.2 Stealth
 + Level 5.8 Shields
 + Level 0.1 Invocations


You had 8 spell levels left.
You didn't know any spells.
Your spell library contained the following spells:

 Spells                   Type           Power      Damage    Failure   Level
 Necrotise                Necr           0%         1d4       91%         1
 Inner Flame              Hex/Fire       0%         N/A       100%        3
 Ozocubu's Armour         Ice            0%         N/A       100%        3
 Portal Projectile        Hex/Tloc       0%         N/A       100%        3
 Vampiric Draining        Necr           0%         2d6       100%        3
 Iskenderun's Mystic Bla  Conj/Tloc      0%         2d3       100%        4
 Agony                    Necr           0%         N/A       100%        5
 Alistair's Intoxication  Tmut/Pois      0%         N/A       100%        5
 Borgnjor's Vile Clutch   Necr/Erth      0%         N/A       100%        5
 Metabolic Englaciation   Hex/Ice        0%         N/A       100%        5
 Eringya's Noxious Bog    Tmut/Pois      0%         4d6       100%        6
 Enfeeble                 Hex            0%         N/A       100%        7
 Ozocubu's Refrigeration  Ice            0%         4d7       100%        7
 Tukima's Dance           Hex            Unusable   N/A       N/A         3
 Summon Ice Beast         Ice/Summ       Unusable   N/A       N/A         4
 Summon Mana Viper        Hex/Summ       Unusable   N/A       N/A         5
 Simulacrum               Ice/Necr       Unusable   N/A       N/A         6

Dungeon Overview and Level Annotations

Branches:
Dungeon (7/15)             Temple (1/1) D:4

Altars:
Ashenzari
Cheibriados
Dithmenos
Elyvilon
Gozag
Hepliaklqana
Makhleb
Nemelex Xobeh
Okawaru
Qazlal
Ru
Sif Muna
Trog
Uskayaw
Vehumet
Wu Jian
Yredelemnul
Zin

Shops:
D:6 !


Innate Abilities, Weirdness & Mutations

You have a pair of horns on your head.
You reflexively headbutt those who attack you in melee.


Message History

Unknown command.
You slash the gnoll! You headbutt the gnoll.
You kill the gnoll!
Okawaru accepts your kill.
You barely miss the wyvern. The steam dragon breathes steam at you.
The ball of steam misses you. The wyvern bites you.
You block the orc wizard's attack.
You slash the wyvern!
The wyvern is almost dead.
You slash the steam dragon! You hit the orc wizard.
You are engulfed in a cloud of scalding steam.
* * * LOW HITPOINT WARNING * * *
The wyvern barely misses you. You block the wyvern's attack.
The orc wizard hits you but does no damage.
You are poisoned.
The steam dragon misses you. You furiously retaliate!
You headbutt the steam dragon. The steam dragon claws you.
* * * LOW HITPOINT WARNING * * *
Unknown command.
You hit the wyvern but do no damage. You headbutt the wyvern.
You kill the wyvern!
Okawaru accepts your kill.
You hit the steam dragon. You closely miss the orc wizard.
You are engulfed in a cloud of scalding steam.
You feel very sick. You block the orc wizard's attack.
The steam dragon closely misses you. The steam dragon claws you.
* * * LOW HITPOINT WARNING * * *
You feel sick. You block the steam dragon's attack.
The steam dragon claws you but does no damage.
Items here: ( ))) [ †.
You closely miss the steam dragon. You headbutt the steam dragon.
The steam dragon is almost dead.
You hit the orc wizard.
You feel sick.
The orc wizard hits you but does no damage.
You are more poisoned.
The steam dragon breathes steam at you. The ball of steam hits you!!
You die...

...... ### #.....
...###.....
)...(...#
#..(...#
####>.(...# ..
..........###...
. #..([........
#.. #.o@).)......
#..##..D[.†###...
#$§..)....# .
####..<#### #.†.#
....#...
########... ####


You could see a steam dragon (catching breath) and an orc wizard (invisible).

Vanquished Creatures
  Maggie (D:7)
  A wyvern (D:7)
  Menkaure (D:6)
  2 sky beasts
  4 ogres
  3 phantoms
  A kobold brigand (D:6)
  3 bullfrogs
  2 scorpions
  7 howler monkeys
  2 hounds
  4 orc priests
  4 iguanas
  5 orc wizards
  A sleepcap (D:5)
  7 gnolls
  6 adders
  A shadow imp (D:6)
  A white imp (D:5)
  3 worms
  A dart slug (D:1)
  19 orcs
  4 bats
  3 endoplasms
  6 hobgoblins
  7 kobolds
  3 quokkas
  2 ball pythons
  2 frilled lizards
  3 goblins
  3 rats
112 creatures vanquished.

Notes
Turn   | Place    | Note
-------+----------+-------------------------------------------
     0 | D:1      | funkygono the Minotaur Fighter began the quest for the Orb.
     0 | D:1      | Reached XP level 1. HP: 19/19 MP: 0/0
   159 | D:1      | Found a faded altar of an unknown god.
   248 | D:1      | Reached XP level 2. HP: 27/27 MP: 1/1
   833 | D:2      | Reached XP level 3. HP: 24/33 MP: 2/2
   928 | D:2      | Reached skill level 1 in Dodging
   953 | D:2      | Reached skill level 3 in Axes
  1150 | D:2      | Reached XP level 4. HP: 40/40 MP: 3/3
  1715 | D:3      | Reached skill level 4 in Axes
  1763 | D:3      | Reached XP level 5. HP: 46/46 MP: 4/4
  2118 | D:4      | Reached skill level 5 in Armour
  2354 | D:4      | Noticed a phantom
  2362 | D:4      | Killed a phantom
  2363 | D:4      | Reached skill level 5 in Axes
  2363 | D:4      | Reached XP level 6. HP: 47/53 MP: 5/5
  2400 | D:4      | Reached skill level 6 in Axes
  2408 | D:4      | Reached skill level 5 in Fighting
  2460 | D:4      | Got Detajio's Elucidation of Frigorific Ill Luck
  2477 | D:4      | Found a staircase to the Ecumenical Temple.
  2510 | Temple   | Entered the Ecumenical Temple
  2547 | Temple   | Became a worshipper of Warmaster Okawaru
  2846 | D:5      | Entered Level 5 of the Dungeon
  2901 | D:5      | Reached XP level 7. HP: 61/61 MP: 6/6
  3269 | D:5      | Reached * piety under Okawaru
  3270 | D:5      | Reached skill level 1 in Throwing
  3731 | D:6      | Found a radiant altar of Vehumet.
  3771 | D:6      | Reached skill level 7 in Axes
  3774 | D:6      | Reached XP level 8. HP: 70/70 MP: 7/7
  4112 | D:6      | Reached skill level 8 in Axes
  4195 | D:6      | Reached ** piety under Okawaru
  4200 | D:6      | Reached skill level 5 in Shields
  4212 | D:6      | Found Xinam's Distillery.
  4220 | D:6      | Bought a potion of heal wounds for 70 gold pieces
  4506 | D:7      | Noticed Maggie
  4513 | D:7      | Noticed Menkaure
  4522 | D:7      | HP: 2/70 [iguana (3)]
  4527 | D:7      | Killed Maggie
  4535 | D:6      | Killed Menkaure
  4535 | D:6      | Reached *** piety under Okawaru
  4536 | D:6      | Reached skill level 9 in Axes
  4697 | D:7      | Reached XP level 9. HP: 57/78 MP: 5/8
  4719 | D:7      | Reached skill level 1 in Stealth
  4919 | D:7      | Killed from afar by a steam dragon

Illustrated notes

Levels and vault maps discovered:
D:1:      evilmike_arrival_hilbert_curve, layout_basic,
          hellmonk_ecumenical_altar_run_dry
D:2:      layout_loops_ring
D:3:      layout_basic
D:4:      layout_rooms, minmay_temple_entry_hall
D:5:      layout_loops_ring, eino_curves_03
D:6:      layout_rooms, overflow_temple_1_default, serial_corexii_hall,
          corexii_hall_statues_l, corexii_hall_statues_l, serial_shops,
          nicolae_shop_temple_entry_statues_fountains
D:7:      cheibrodos_steamvent, layout_rooms, kennysheep_nub,
          due_unseen_surprise, uniq_maggie, uniq_menkaure
Temple:   minmay_crystal_spiral_temple

Skill      XL: |  1  2  3  4  5  6  7  8  9 |
---------------+----------------------------+-----
Fighting       | 4 5 6 |  6.6
Armour         | 4 5 6 7 |  7.8
Dodging        | 1 2 3 |  3.3
Axes           | 3 4 5 6 7 9 |  9.8
Shields        | 4 5 |  5.8
Throwing       | 1 2 |  2.7
Stealth        | 1 |  1.2
Invocations    | |  0.1

Action                     |  1- 3 |  4- 6 |  7- 9 || total
---------------------------+-------+-------+-------++-------
  Melee: War axe           |    50 |    95 |   149 ||   294
         Headbutt          |     6 |    18 |    30 ||    54
  Throw: Stone             |     2 |     7 |    40 ||    49
         Dart              |       |       |     6 ||     6
 Invoke: Heroism           |       |       |     3 ||     3
    Use: Scroll            |       |    11 |     4 ||    15
         Potion            |       |     2 |     2 ||     4
 Armour: Scale mail        |    17 |    55 |    18 ||    90
         Chain mail        |       |       |    66 ||    66
  Dodge: Dodged            |    15 |    55 |    94 ||   164
  Block: Buckler           |     7 |    16 |    42 ||    65

Table legend: (Time is in decaauts)
 A = Elapsed time spent in this place.
 B = Non-inter-level travel time spent in this place.
 C = Inter-level travel time spent in this place.
 D = Time resting spent in this place.
 E = Time spent auto-exploring this place.
 F = Levels seen in this place.
 G = Mean time per level.
                   A        B        C        D        E       F      G
               +--------+--------+--------+--------+--------+-----+--------+
         Total |   4984 |   4679 |    305 |    136 |   3589 |   8 |  623.0 |
       Dungeon |   4910 |   4661 |    249 |    136 |   3589 |   7 |  701.4 |
        Temple |     74 |     19 |     55 |      0 |      0 |   1 |   74.0 |
               +--------+--------+--------+--------+--------+-----+--------+

Top non-repeatable levels by time:
     D:6: 1072 daAuts
     D:4: 855 daAuts
     D:5: 833 daAuts
     D:2: 767 daAuts
     D:3: 665 daAuts
     D:1: 624 daAuts
     D:7: 92 daAuts
  Temple: 74 daAuts
